 Dungeon Crawl Stone Soup version 0.23.2-1-ga50397a (webtiles) character file.

Game seed: 15969048100901565908

42 troglodite the Grave Robber (level 3, -4/25 HPs)
             Began as a Mummy Necromancer on May 20, 2019.
             Slain by a worm (10 damage)
             ... on level 2 of the Dungeon.
             The game lasted 00:04:29 (1274 turns).

troglodite the Grave Robber (Mummy Necromancer)     Turns: 1274, Time: 00:04:30

Health: -4/25      AC:  3    Str: 11    XL:     3   Next: 33%
Magic:  5/7        EV: 12    Int: 14    God:
Gold:   56         SH:  0    Dex: 13    Spells: 3/8 levels left

rFire    x . .     SeeInvis .   b - +0 dagger
rCold    + + .     Gourm    .   (no shield)
rNeg     + + +     Faith    .   f - +0 leather armour {rC+}
rPois    ∞         Spirit   .   (no helmet)
rElec    .         Reflect  .   (no cloak)
rCorr    .         Harm     .   (no gloves)
MR       .....                  (no boots)
Stlth    ++........             (no amulet)
HPRegen  0.08/turn              (no ring)
MPRegen  0.10/turn              (no ring)

@: no status effects
A: no food or potions, fire vulnerability, cold resistance 1, negative energy
resistance 3, torment resistance, unbreathing
a: no special abilities


You were on level 2 of the Dungeon.
You were not hungry.

You visited 1 branch of the dungeon, and saw 2 of its levels.

You collected 56 gold pieces.

Inventory:

Hand Weapons
 b - a +0 dagger (weapon)
Armour
 f - a +0 leather armour of cold resistance (worn)
Scrolls
 a - a scroll of teleportation {unknown}
 d - a scroll of remove curse {unknown}
 e - 3 scrolls of enchant armour {unknown}


   Skills:
 * Level 0.9 Fighting
 * Level 1.0 Short Blades
 * Level 1.7 Dodging
 + Level 1.5 Stealth
 * Level 3.1 Spellcasting
 * Level 4.4 Necromancy


You had 3 spell levels left.
You knew the following spells:

 Your Spells              Type           Power        Failure   Level  Hunger
a - Pain                  Necr           ##..         4%          1    N/A
b - Animate Skeleton      Necr           N/A          4%          1    N/A
c - Vampiric Draining     Necr           ##........   14%         3    N/A

Your spell library contained the following spells:

 Spells                   Type           Power        Failure   Level  Hunger
 Animate Dead             Necr           N/A          41%         4    N/A
 Regeneration             Chrm/Necr      Unusable     N/A         3    N/A

Dungeon Overview and Level Annotations

Branches:
Dungeon (2/15)

Altars:


Innate Abilities, Weirdness & Mutations

You do not eat or drink.
Your flesh is vulnerable to fire.
You are immune to poison.
Your flesh is cold resistant. (rC+)
You are immune to negative energy. (rN+++)
You are immune to unholy pain and torment.
You can survive without breathing.


Message History

The worm is moderately wounded.
You hit the worm but do no damage.
The worm is moderately wounded.
The worm misses you.
You barely miss the worm.
The worm is moderately wounded.
Casting: Pain (safe; 4% risk of failure)
Confirm with . or Enter, or press ? or * to list all spells.
Aiming: Pain (safe; 4% risk of failure)
Press: ? - help, Shift-Dir - straight line, f - worm
Aim: a worm (moderately wounded, chance to defeat MR: 79%)
The worm writhes in agony.
The worm bites you!
* * * LOW HITPOINT WARNING * * *
Casting: Pain (safe; 4% risk of failure)
Confirm with . or Enter, or press ? or * to list all spells.
Aiming: Pain (safe; 4% risk of failure)
Press: ? - help, Shift-Dir - straight line, f/p - worm
Aim: a worm (heavily wounded, chance to defeat MR: 79%)
The worm writhes in agony.
The worm bites you!
You die...

#.#####(#.###.####
#.#.###.#.#......#
#.#.)...#.#.######
#.#.#####.#.#
#.#.# #.#.#
#.#.#####.#.#
#.#.......#.#
#.#########.#
#..@w.......#
#############


You could see a worm.

Vanquished Creatures
  An ooze (D:1)
  2 dart slugs (D:1)
  A leopard gecko (D:1)
  2 giant cockroaches (D:1)
  3 goblins (D:1)
  5 hobgoblins
  4 jackals (D:1)
  3 kobolds
  3 bats (D:1)
  2 frilled lizards (D:1)
  2 rats (D:1)
28 creatures vanquished.

Notes
Turn   | Place    | Note
-------+----------+-------------------------------------------
     0 | D:1      | troglodite the Mummy Necromancer began the quest for the
                  | Orb.
     0 | D:1      | Reached XP level 1. HP: 13/13 MP: 4/4
   168 | D:1      | Reached XP level 2. HP: 20/20 MP: 3/5
   201 | D:1      | Learned a level 1 spell: Animate Skeleton
   477 | D:1      | Reached XP level 3. HP: 25/25 MP: 2/7
   885 | D:1      | Reached skill level 1 in Short Blades
   896 | D:1      | Learned a level 3 spell: Vampiric Draining
  1274 | D:2      | Slain by a worm

Skill      XL: |  1  2  3 |
---------------+----------+-----
Spellcasting   | 3 |  3.1
Short Blades   | 1 |  1.0
Fighting       | |  0.9
Dodging        | |  1.7
Stealth        | |  1.5
Necromancy     | |  4.4

Action                   || total
-------------------------++-------
Melee: Dagger            ||    59
 Cast: Pain              ||    41
Armor: Robe              ||     9
       Leather armour    ||     2
Dodge: Dodged            ||    47
